 Dungeon Crawl Stone Soup version 0.29-a0-334-gb41bcbb86e (webtiles) character file.

Game seed: 4098364593572033821

144 stormannn the Conjurer (level 5, 0/33 HPs)
             Began as an Octopode Conjurer on Apr 13, 2022.
             Slain by a lemure (4 damage)
             ... led by Pikel
             ... on level 5 of the Dungeon.
             The game lasted 00:10:18 (3847 turns).

stormannn the Conjurer (Octopode Conjurer)          Turns: 3847, Time: 00:10:18

Health: 0/33       AC:  1    Str:  6    XL:     5   Next: 26%
Magic:  8/8        EV: 13    Int: 22    God:
Gold:   203        SH:  5    Dex: 11    Spells: 6/9 levels left

rFire   . . .      SeeInvis .   e - +6 dagger (venom)
rCold   . . .      Faith    .   m - +2 buckler
rNeg    . . .      Spirit   .   (helmet restricted)
rPois   .          Reflect  .   (no amulet)
rElec   .          Harm     .   c - ring of wizardry
rCorr   .          Rampage  .   (no ring)
Will    .....                   (no ring)
Stlth   +++.......              (no ring)
HPRegen 0.11/turn               (no ring)
MPRegen 0.11/turn               (no ring)
                                (no ring)
                                (no ring)

@: no status effects
A: almost no armour, amphibious, 8 rings, camouflage 1, gelatinous body 1,
(nimble swimmer 1), tentacles
a: no special abilities


You were on level 5 of the Dungeon.
You visited 1 branch of the dungeon, and saw 5 of its levels.

You collected 203 gold pieces.

Inventory:

Hand Weapons
 e - a +6 dagger of venom (weapon)
Armour
 m - a +2 buckler (worn)
Jewellery
 c - a ring of wizardry (left tentacle)
Wands
 i - a wand of flame (16)
Scrolls
 b - a scroll of identify
 d - a scroll of amnesia
 k - 3 scrolls of teleportation
Potions
 a - a potion of magic
 f - a potion of might
 g - a potion of lignification
 h - 4 potions of brilliance
 j - a potion of degeneration {unknown}
 l - 2 potions of mutation


   Skills:
 + Level 1.5 Fighting
 + Level 2.9 Dodging
 - Level 2.6 Stealth
 + Level 1.4 Shields
 + Level 2.6 Spellcasting
 + Level 4.3 Conjurations
 + Level 1.7 Hexes
 + Level 0.4 Translocations


You had 6 spell levels left.
You knew the following spells:

 Your Spells              Type           Power      Damage    Failure   Level
a - Magic Dart            Conj           88%        1d7       1%          1
b - Searing Ray           Conj           44%        2d6       1%          2

Your spell library contained the following spells:

 Spells                   Type           Power      Damage    Failure   Level
 Dazzling Flash           Conj/Hex       32%        N/A       6%          3
 Summon Small Mammal      Summ           8%         N/A       7%          1
 Ensorcelled Hibernation  Hex/Ice        12%        N/A       8%          2
 Conjure Flame            Conj/Fire      12%        6-21      9%          3
 Passwall                 Tmut/Erth      1%         N/A       11%         2
 Summon Guardian Golem    Hex/Summ       6%         N/A       14%         3
 Fulminant Prism          Conj/Hex       8%         3d7       19%         4
 Call Canine Familiar     Summ           2%         N/A       21%         3
 Ignite Poison            Fire/Tmut/Pois 2%         N/A       21%         3
 Swiftness                Air            2%         N/A       21%         3
 Iskenderun's Mystic Bla  Conj/Tloc      13%        2d5       24%         4
 Sticky Flame             Conj/Fire      12%        2d4       26%         4


Dungeon Overview and Level Annotations

Branches:
Dungeon (5/15)
 Temple: D:4-7

Altars:
Kikubaaqudgha

Annotations:
D:4 Ijyb, Sigmund


Innate Abilities, Weirdness & Mutations

You cannot wear most types of armour.
You are amphibious.
You can wear up to eight rings at the same time.
Your skin changes colour to match your surroundings (Stealth+).
Your rubbery body absorbs attacks. (AC +1, EV +1)
((You are camouflaged when in or above water. (Stealth+)))
You have tentacles for arms and can constrict up to eight enemies at once.


Message History

You kill the ball python!
You start resting.
Magic restored.
You see here a quokka corpse.
Ijyb the Twisted Goblin comes into view.
She is wielding a +1 dagger of pain, wearing a +2 ring mail of willpower and carrying a wand of paralysis (8).
Level annotation: Ijyb Welcome back, stormannn the Octopode Conjurer.
Press ? for a list of commands and other information.
Found an escape hatch in the floor.
Sigmund the Dreaded comes into view.
He is wielding a +0 scythe.
Sigmund shouts!
You hear an angry hiss.
An adder comes into view.
There is an escape hatch in the floor here.
Sigmund mumbles some strange words.
Sigmund flickers and vanishes!
Deactivating autopickup; reactivate with Ctrl-A.
You slide downwards.
The hatch slams shut behind you.
Reactivating autopickup.
Found 27 stones. 2 lemures come into view.
An orc wizard comes into view. It is wielding a +0 dagger.
The orc wizard shouts!
You hear a roar!
You hear a shout!
An orc wizard comes into view. It is wielding a +0 dagger.
A worm and an acid dragon come into view.
The acid dragon roars!
You hear a shout!
The acid dragon spits acid at you. The splash of acid hits you!
The orc falls through a shaft!
The shaft crumbles and collapses.
The orc wizard closely misses you. The acid dragon spits acid at you.
The splash of acid hits you!
Ouch! That really hurt!
* * * LOW HITPOINT WARNING * * *
The worm falls through a shaft!
The shaft crumbles and collapses.
A phantom comes into view.
The orc wizard barely misses you.
The worm falls through a shaft!
The shaft crumbles and collapses.
A worm comes into view.
The lemure hits you.
You die...

.... .##...W#.#
.........# ........#
#......#############
#..................#
#.................#
.^#....o............#.5.
°..w..o@5....##.#...!..!
w.....D###....###.......
..##... ##..## #...###.
##...#.#..#####.##
............#..##
#.....####........ ...##
###....(. ...# ......
.....


You could see an acid dragon, a lemure, a phantom (wandering), 2 worms and 2 orc
wizards.

Vanquished Creatures
  A jelly (D:4)
  4 adders
  2 worms (D:3)
  2 dart slugs
  3 orcs
  4 endoplasms
  5 giant cockroaches
  7 goblins
  4 hobgoblins
  3 jackals (D:2)
  4 quokkas
  8 ball pythons
  7 bats
  A frilled lizard (D:1)
  4 kobolds
  4 rats
  A rat zombie (D:3)
64 creatures vanquished.

Notes
Turn   | Place    | Note
-------+----------+-------------------------------------------
     0 | D:1      | stormannn the Octopode Conjurer began the quest for the
                  | Orb.
     0 | D:1      | Reached XP level 1. HP: 11/11 MP: 3/3
   310 | D:1      | Reached XP level 2. HP: 17/17 MP: 1/5
  1223 | D:2      | Reached XP level 3. HP: 22/22 MP: 4/6
  1301 | D:2      | Reached skill level 1 in Hexes
  1911 | D:2      | Reached skill level 1 in Fighting
  1911 | D:2      | Reached skill level 1 in Shields
  1959 | D:2      | Learned a level 2 spell: Searing Ray
  2211 | D:2      | Reached XP level 4. HP: 28/28 MP: 2/7
  3352 | D:3      | Found an ancient bone altar of Kikubaaqudgha.
  3500 | D:4      | Noticed a black bear
  3568 | D:4      | Reached XP level 5. HP: 33/33 MP: 2/8
  3802 | D:4      | Noticed Ijyb
  3816 | D:4      | Noticed Sigmund
  3821 | D:5      | Entered Level 5 of the Dungeon
  3832 | D:5      | Noticed a lemure
  3832 | D:5      | Noticed a lemure
  3842 | D:5      | Noticed an acid dragon
  3846 | D:5      | Noticed a phantom
  3847 | D:5      | Slain by a lemure

Illustrated notes

Levels and vault maps discovered:
D:1:      sevenhm_arrival_forest_fort_large_4, layout_basic,
          grunt_decor_junction, chequers_garden, minmay_pentomino_u4
D:2:      layout_basic
D:3:      layout_rooms, lemuel_zombie_altar_kikubaaqudgha
D:4:      layout_layer_cave, serial_glass, glass_columns_b, glass_columns_b,
          st_stairs_11, hangedman_decor_growths, uniq_ijyb, uniq_sigmund,
          uniq_eustachio
D:5:      layout_cave_pools, nicolae_wormholes, uniq_pikel,
          uniq_crazy_yiuf_cottage, uniq_menkaure

Skill      XL: |  1  2  3 |
---------------+----------+-----
Hexes          | 1 |  1.7
Fighting       | 1 |  1.5
Shields        | 1 |  1.4
Dodging        | |  2.9
Stealth        | |  2.6
Spellcasting   | |  2.6
Conjurations   | |  4.3
Translocations | |  0.4

Action                   |  1- 3 |  4- 6 || total
-------------------------+-------+-------++-------
Melee: Dagger            |     4 |     5 ||     9
       Constrict         |     1 |     1 ||     2
       Tentacles         |       |     1 ||     1
 Cast: Magic Dart        |    74 |    41 ||   115
       Searing Ray       |       |     5 ||     5
  Use: Scroll            |     5 |     5 ||    10
 Stab: Sleeping          |       |     1 ||     1
Armor: Skin              |     1 |     2 ||     3
Dodge: Dodged            |     2 |     3 ||     5

Table legend: (Time is in decaauts)
 A = Elapsed time spent in this place.
 B = Non-inter-level travel time spent in this place.
 C = Inter-level travel time spent in this place.
 D = Time resting spent in this place.
 E = Time spent auto-exploring this place.
 F = Levels seen in this place.
 G = Mean time per level.
                   A        B        C        D        E       F      G
               +--------+--------+--------+--------+--------+-----+--------+
         Total |   3845 |   3726 |    119 |   1223 |   2000 |   5 |  769.0 |
       Dungeon |   3845 |   3726 |    119 |   1223 |   2000 |   5 |  769.0 |
               +--------+--------+--------+--------+--------+-----+--------+

Top non-repeatable levels by time:
     D:2: 1290 daAuts
     D:1: 1138 daAuts
     D:3: 1128 daAuts
     D:4: 262 daAuts
     D:5: 25 daAuts
